 Dungeon Crawl Stone Soup version 0.30-a0-358-g0d69a1922f (webtiles) character file.

Game seed: 2144878113431192760

53 jlumianski the Trooper (level 3, -2/29 HPs)
             Began as a Demonspawn Fighter on Nov 7, 2022.
             Slain by a gnoll
             ... wielding a +0 halberd
              (4 damage)
             ... on level 2 of the Dungeon on Nov 8, 2022.
             The game lasted 00:06:16 (1293 turns).

jlumianski the Trooper (Demonspawn Fighter)         Turns: 1293, Time: 00:06:16

Health: -2/29      AC:  6    Str: 18    XL:     3   Next: 62%
Magic:  3/3        EV:  9    Int:  9    God:
Gold:   43         SH:  4    Dex: 12    Spells: 2/2 levels left

rFire   . . .      SeeInvis .    a - +0 war axe
rCold   . . .      Faith    .    c - +0 buckler
rNeg    . . .      Spirit   .    b - +0 scale mail
rPois   .          Reflect  .    (no helmet)
rElec   .          Harm     .    (no cloak)
rCorr   .          Rampage  .    (no gloves)
Will    .....                    (no boots)
Stlth   ..........               (no amulet)
HPRegen 0.24/turn                (no ring)
MPRegen 0.16/turn                (no ring)

@: no status effects
A: magic regeneration
a: no special abilities


You were on level 2 of the Dungeon.
You visited 1 branch of the dungeon, and saw 3 of its levels.

You collected 43 gold pieces.

Inventory:

Hand Weapons
 a - a +0 war axe (weapon)
Missiles
 h - 3 atropa-tipped darts (quivered)
 j - 4 curare-tipped darts
Armour
 b - a +0 scale mail (worn)
 c - a +0 buckler (worn)
 e - a +0 hat
Scrolls
 f - 2 scrolls of teleportation {unknown}
 g - a scroll of summoning {unknown}
 i - a scroll of identify {unknown}
 l - a scroll of fear {unknown}
 m - a scroll of noise {unknown}
Potions
 d - a potion of might
 k - a potion of brilliance {unknown}


   Skills:
 + Level 3.5 Fighting
 + Level 2.2 Axes
 + Level 3.2 Armour
 + Level 0.1 Dodging
 + Level 3.0 Shields


You had 2 spell levels left.
You didn't know any spells.
Your spell library contained the following spells:

 Spells                   Type           Power      Damage    Failure   Level
 Ozocubu's Armour         Ice            0%         N/A       99%         3
 Metabolic Englaciation   Hex/Ice        0%         N/A       100%        5
 Simulacrum               Ice/Necr       0%         N/A       100%        6


Dungeon Overview and Level Annotations

Branches:
Dungeon (3/15)

Altars:


Innate Abilities, Weirdness & Mutations

You regenerate magic rapidly.


Message History

Things that are here:
3 stones; a +0 club; a kobold corpse
There is a stone staircase leading down here.
You climb downwards.
The bat hits you but does no damage.
There is a stone staircase leading up, spattered with blood here.
You block the bat's attack.
You climb upwards.
There is a stone staircase leading down here.
Things that are here:
3 stones; a +0 club; a kobold corpse
Things that are here:
3 stones; a +0 club; a kobold corpse
There is a stone staircase leading down here.
You climb downwards.
The bat hits you but does no damage.
There is a stone staircase leading up, spattered with blood here.
You slash the bat!
You kill the bat!
The goblin hits you with a +0 club.
The gnoll hits you from afar with a +0 halberd!
You climb upwards.
There is a stone staircase leading down here.
You closely miss the goblin. You block the goblin's attack.
You hit the goblin but do no damage. The goblin closely misses you.
You block the goblin's attack.
You slash the goblin!
You kill the goblin!
Things that are here:
a +0 club; a goblin corpse; a quokka skeleton
There is a stone staircase leading down here.
You start resting.
HP restored.
You climb downwards.
The gnoll barely misses you.
The gnoll hits you from afar with a +0 halberd!
The gnoll hits you with a +0 halberd.
The gnoll hits you from afar with a +0 halberd.
There is a stone staircase leading up, spattered with blood here.
The gnoll hits you from afar with a +0 halberd!
* * * LOW HITPOINT WARNING * * *
The gnoll hits you with a +0 halberd.
You die...

### (.. ..# ###.#
##...#
###########..#..#
#@ggg...w...##
#r. ###########.#
##. #g##..#.
#gg....# #.##..##
#.##...# #.##..#.
#w##B##. #..#.#..


You could see 3 gnolls and a dart slug.

Vanquished Creatures
  A worm (D:2)
  A dart slug (D:1)
  7 bats
  3 endoplasms
  4 giant cockroaches
  7 goblins (D:1)
  A hobgoblin (D:1)
  4 jackals (D:1)
  4 quokkas (D:1)
  2 ball pythons (D:1)
  A frilled lizard (D:1)
  3 kobolds
  A rat (D:2)
39 creatures vanquished.

Notes
Turn   | Place    | Note
-------+----------+-------------------------------------------
     0 | D:1      | jlumianski the Demonspawn Fighter began the quest for the
                  | Orb.
     0 | D:1      | Reached XP level 1. HP: 18/18 MP: 1/1
    68 | D:1      | Gained mutation: You regenerate magic rapidly. [demonic
                  | ancestry]
    68 | D:1      | Reached XP level 2. HP: 24/24 MP: 2/2
   586 | D:1      | Reached XP level 3. HP: 29/29 MP: 3/3
  1192 | D:1      | Upgraded the game from 0.30-a0-354-g6b83867211 to
                  | 0.30-a0-358-g0d69a1922f
  1293 | D:2      | Slain by a gnoll

Illustrated notes

Levels and vault maps discovered:
D:1:      matt_arrival_diagonals, layout_basic
D:2:      layout_basic, minmay_ruptured
D:3:      layout_rooms, mainiacjoe_overflow_six_doors_small, zin_angel

Skill      XL: |  1  2 |
---------------+-------+-----
Armour         | 3 |  3.2
Shields        | 3 |  3.0
Axes           | 2 |  2.2
Fighting       | |  3.5
Dodging        | |  0.1

Action                   || total
-------------------------++-------
Melee: War axe           ||   138
Armor: Scale mail        ||    79
Dodge: Dodged            ||    95
Block: Buckler           ||    37

Table legend: (Time is in decaauts)
 A = Elapsed time spent in this place.
 B = Non-inter-level travel time spent in this place.
 C = Inter-level travel time spent in this place.
 D = Time resting spent in this place.
 E = Time spent auto-exploring this place.
 F = Levels seen in this place.
 G = Mean time per level.
                   A        B        C        D        E       F      G
               +--------+--------+--------+--------+--------+-----+--------+
         Total |   1363 |   1351 |     12 |    215 |    439 |   3 |  454.3 |
       Dungeon |   1363 |   1351 |     12 |    215 |    439 |   3 |  454.3 |
               +--------+--------+--------+--------+--------+-----+--------+

Top non-repeatable levels by time:
     D:1: 1144 daAuts
     D:2: 196 daAuts
     D:3: 21 daAuts
